 Dungeon Crawl Stone Soup version 0.30-a0-965-g42e074c17a (webtiles) character file.

Game seed: 17950877443912931103

5126 lesbiats the Fighter (level 10, -11/114 HPs)
             Began as an Ogre Fighter on Mar 30, 2023.
             Was a Believer of Trog.
             Mangled by Snorg (16 damage)
             ... on level 10 of the Dungeon on Mar 31, 2023.
             The game lasted 00:35:10 (11474 turns).

lesbiats the Fighter (Ogre Fighter)                Turns: 11474, Time: 00:35:11

Health: -11/114    AC:  5    Str: 26    XL:     10   Next: 58%
Magic:  19/19      EV: 10    Int:  9    God:    Trog [**....]
Gold:   439        SH: 12    Dex:  8    Spells: 9/9 levels left

rFire   . . .      SeeInvis .    o - +4 morningstar
rCold   . . .      Faith    .    c - +0 kite shield
rNeg    . . .      Spirit   .    b - +0 robe
rPois   .          Reflect  +    F - +2 hat
rElec   .          Rampage  .    (no cloak)
rCorr   +                        (gloves unavailable)
Will    +....                    (boots unavailable)
Stlth   +                        B - amulet of reflection
HPRegen 0.39/turn                y - ring of magical power
MPRegen 0.16/turn                H - ring of resist corrosion

@: no status effects
A: large, unfitting armour, tough skin 1
a: Renounce Religion, Berserk, Trog's Hand


You were on level 10 of the Dungeon.
You worshipped Trog.
Trog was pleased with you.
You visited 2 branches of the dungeon, and saw 11 of its levels.

You collected 627 gold pieces.
You spent 188 gold pieces at shops.

Inventory:

Hand Weapons
 a - a +0 flail
 o - a +4 morningstar (weapon)
 C - a +0 giant spiked club
Missiles
 d - 5 javelins
 r - 37 poisoned darts (quivered)
 u - 7 curare-tipped darts
Armour
 b - a +0 robe (worn)
 c - a +0 kite shield (worn)
 F - a +2 hat (worn)
Jewellery
 n - an amulet of magic regeneration
 y - a ring of magical power (left hand)
 B - an amulet of reflection (around neck)
 H - a ring of resist corrosion (right hand)
Wands
 D - a wand of charming (24)
 G - a wand of light (6)
 K - a wand of roots (6)
Scrolls
 e - 3 scrolls of teleportation
 f - 2 scrolls of enchant armour
 g - 2 scrolls of enchant weapon {unknown}
 h - 2 scrolls of immolation
 i - 2 scrolls of blinking {unknown}
 m - a scroll of torment {unknown}
 v - 2 scrolls of amnesia
 x - 2 scrolls of vulnerability {unknown}
 E - a scroll of fog {unknown}
 I - a scroll of poison {unknown}
Potions
 j - a potion of flight
 k - a potion of cancellation {unknown}
 l - 2 potions of invisibility
 p - a potion of ambrosia {unknown}
 q - 3 potions of curing
 s - a potion of degeneration {unknown}
 t - 2 potions of magic
 w - 2 potions of lignification {unknown}
 z - 2 potions of attraction {unknown}
 A - 2 potions of haste {unknown}
 J - 2 potions of might


   Skills:
 + Level 11.2 Fighting
 * Level 10.0 Maces & Flails
 + Level 7.4 Dodging
 - Level 3.0 Shields


You had 9 spell levels left.
You didn't know any spells.
Your spell library contained the following spells:

 Spells                   Type           Power      Damage    Failure   Level
 Necrotise                Necr           0%         1d4       67%         1
 Slow                     Hex            0%         N/A       67%         1
 Momentum Strike          Conj/Tloc      0%         3d8       82%         2
 Confusing Touch          Hex            0%         N/A       96%         3
 Ignite Poison            Fire/Tmut/Pois 0%         N/A       96%         3
 Stone Arrow              Conj/Erth      0%         3d7       96%         3
 Vampiric Draining        Necr           0%         2d6       96%         3
 Sticky Flame             Conj/Fire      0%         2d3       100%        4
 Agony                    Necr           0%         N/A       100%        5
 Conjure Ball Lightning   Conj/Air       0%         3x3d6     100%        6
 Ignition                 Fire           0%         3d3       100%        8


Dungeon Overview and Level Annotations

Branches:
Dungeon (10/15)            Temple (1/1) D:6             Orc (0/2) D:10
   Lair: D:8-11

Altars:
Ashenzari
Cheibriados
Dithmenos
Elyvilon
Fedhas
Gozag
Hepliaklqana
Kikubaaqudgha
Makhleb
Nemelex Xobeh
Okawaru
Qazlal
Ru
Sif Muna
Trog
Vehumet
Wu Jian
Xom
Yredelemnul
Zin
The Shining One
Jiyva

Shops:
D:3 (   D:4 !

Portals:
Bailey: D:10

Annotations:
D:10 Snorg


Innate Abilities, Weirdness & Mutations

You are too large for most types of armour.
You have tough skin. (AC +1)


Message History

The howler monkey hoots and howls with incredible vigour!
You block the orc's attack. The orc misses you. The wyvern misses you.
You hit the orc.
You kill the orc!
Trog accepts your kill.
You hear a splash.
The wyvern closely misses you. The howler monkey hits you.
You block the wyvern's attack.
You bludgeon the hobgoblin!!
You kill the hobgoblin!
Trog accepts your kill.
You hear a splash.
You block the howler monkey's attack.
The orc throws a boomerang.
You reflect the boomerang off an invisible shield around you!
The boomerang barely misses the howler monkey.
The boomerang completely misses the orc.
The wyvern bites you.
The howler monkey hits you but does no damage.
Snorg goes berserk!
The howler monkey misses you.
You bludgeon the orc!!
You kill the orc!
Trog accepts your kill.
You hear a splash.
The wyvern bites you. The howler monkey hits you. You block Snorg's attack.
Snorg closely misses you. You block Snorg's attack.
The wyvern closely misses you. You block the howler monkey's attack.
The howler monkey barely misses you. Snorg bites you. Snorg claws you!
Snorg barely misses you.
Found a flagged portal.
The howler monkey hoots and howls with incredible vigour! x2
You block Snorg's attack. Snorg claws you. Snorg claws you!
The wyvern bites you but does no damage.
Things that are here:
6 boomerangs; an orc corpse Snorg attacks as you move away!
You block Snorg's attack. Snorg claws you!
* * * LOW HITPOINT WARNING * * *
Snorg barely misses you. Snorg bites you!!
* * * LOW HITPOINT WARNING * * *
Snorg claws you!
You die...

........# ...#..
........#.....#..
........#........
........# ..~~~≈
........#+#.~#######
............~#∩...>#
............~#.....#~...
............≈##'''##~...
....>.......~≈≈l@≈≈~≈...
##..........≈g~Th~≈≈~...
#............h.o.......
#.........#............
#.........#.........#..
.#####...#.........# .
#...#.......###
#...#.......# #...<####


You could see Snorg (berserk), a wyvern, 2 howler monkeys, an orc and a
hobgoblin.

Vanquished Creatures
  2 wyverns
  5 yaks (D:9)
  A water moccasin (D:5)
  An ice beast (D:5)
  2 orc warriors
  A black bear (D:5)
  A sky beast (D:8)
  7 centaurs
  3 ogres
  A phantom (D:5)
  3 kobold brigands
  2 gnoll sergeants (D:9)
  3 bullfrogs
  3 scorpions
  6 wights
  6 killer bees (D:8)
  A howler monkey (D:9)
  2 vampire bats (D:3)
  4 hounds
  5 jellies
  10 orc priests
  2 iguanas
  14 orc wizards
  A sleepcap (D:6)
  7 gnolls
  5 adders
  2 shadow imps (D:6)
  An ufetubus (D:4)
  4 worms
  A dart slug (D:3)
  46 orcs
  9 ball pythons
  4 bat skeletons (D:3)
  2 bat zombies (D:3)
  5 endoplasms
  6 giant cockroaches
  9 hobgoblins
  3 jackals (D:3)
  2 quokkas
  5 bats
  4 frilled lizards
  3 goblins
  17 kobolds
  8 rats
229 creatures vanquished.

Notes
Turn   | Place    | Note
-------+----------+-------------------------------------------
     0 | D:1      | lesbiats the Ogre Fighter began the quest for the Orb.
     0 | D:1      | Reached XP level 1. HP: 24/24 MP: 1/1
    98 | D:1      | Got the Book of Percussion
   180 | D:1      | Reached XP level 2. HP: 32/32 MP: 2/2
   482 | D:1      | Found a faded altar of an unknown god.
   609 | D:1      | Reached XP level 3. HP: 38/40 MP: 3/3
  1295 | D:3      | Found an iron altar of Okawaru.
  1368 | D:3      | Found Ufraihoa's Weapon Emporium.
  1576 | D:3      | Noticed a wight
  1577 | D:3      | Noticed a wight
  1577 | D:3      | Noticed a wight
  1581 | D:3      | Killed a wight
  1582 | D:3      | Reached skill level 5 in Fighting
  1582 | D:3      | Reached XP level 4. HP: 50/50 MP: 4/4
  1585 | D:3      | Reached XP level 5. HP: 43/59 MP: 5/5
  1591 | D:3      | Reached skill level 6 in Fighting
  1780 | D:3      | Found an ancient bone altar of Kikubaaqudgha.
  1789 | D:3      | Reached XP level 6. HP: 63/68 MP: 6/6
  2497 | D:3      | Bought 4 curare-tipped darts for 67 gold pieces
  2736 | D:4      | Found Esma's Distillery.
  3304 | D:4      | Reached XP level 7. HP: 63/76 MP: 7/7
  3775 | D:5      | Entered Level 5 of the Dungeon
  3959 | D:5      | Reached skill level 7 in Fighting
  3992 | D:4      | Bought a potion of curing for 33 gold pieces
  3992 | D:4      | Bought a potion of heal wounds for 55 gold pieces
  3992 | D:4      | Bought a potion of curing for 33 gold pieces
  4097 | D:5      | Reached skill level 5 in Maces & Flails
  4502 | D:5      | Found a glowing silver altar of Zin.
  4523 | D:5      | Reached XP level 8. HP: 88/88 MP: 8/8
  4774 | D:5      | Reached skill level 8 in Fighting
  4853 | D:5      | Reached skill level 5 in Dodging
  5175 | D:6      | Found a radiant altar of Vehumet.
  5181 | D:6      | Found a white marble altar of Elyvilon.
  5186 | D:6      | Found an opulent altar of Gozag.
  5377 | D:6      | Found an ornate altar of the Wu Jian Council.
  5737 | D:6      | Reached XP level 9. HP: 41/97 MP: 9/9
  5892 | D:6      | Found a staircase to the Ecumenical Temple.
  5898 | Temple   | Entered the Ecumenical Temple
  6206 | D:6      | Reached skill level 9 in Fighting
  7063 | D:7      | Found a stormy altar of Qazlal.
  7093 | D:7      | Noticed a moth of wrath
  7994 | D:7      | Found a bloodstained altar of Trog.
  8013 | D:7      | Became a worshipper of Trog the Wrathful
  8247 | D:8      | Reached skill level 10 in Fighting
  8796 | D:8      | Reached * piety under Trog
  8974 | D:8      | Reached XP level 10. HP: 104/111 MP: 10/10
 10552 | D:9      | Reached ** piety under Trog
 10783 | D:9      | Reached skill level 11 in Fighting
 10803 | D:9      | Reached skill level 10 in Maces & Flails
 11240 | D:9      | Found a broken altar of Ashenzari.
 11427 | D:10     | Entered Level 10 of the Dungeon
 11430 | D:10     | Noticed Snorg
 11458 | D:10     | Found a staircase to the Orcish Mines.
 11473 | D:10     | Found a flagged portal.
 11474 | D:10     | HP: 5/114 [Snorg (19)]
 11474 | D:10     | Mangled by Snorg

Illustrated notes

Levels and vault maps discovered:
D:1:      nzn_arrival_settlement, layout_basic,
          ebering_ecumenical_altar_petrified, minmay_heptomino_d4
D:2:      layout_rooms
D:3:      minmay_bubble_buster, layout_loops_ring, kennysheep_vampire_church,
          mainiacjoe_overflow_paths, serial_shops,
          nicolae_shop_bloodbath_and_beyond
D:4:      layout_gridville, serial_shops, nicolae_shop_waterfront,
          minmay_hedge_maze
D:5:      layout_rooms, zin_statuary
D:6:      layout_loops_ring, mainiacjoe_overflow_small_starburst,
          minmay_overflow_temple_star_quad, minmay_temple_entry_statues_pillars,
          ebering_dispersal_statue_hall
D:7:      layout_rooms, nicolae_qazlal_scattered_showers, tgw_trog
D:8:      layout_basic, kennysheep_donut, kennysheep_nub,
          kennysheep_generic_room_11
D:9:      layout_basic, ashenzari_conservatory_becter, serial_park_tiny_1
D:10:     layout_irregular_city, nicolae_uskayaw_en_pointe, lair_entry_dummy,
          enter_bailey_4, grunt_decor_resistance, kennysheep_pointless_box,
          uniq_maggie, uniq_snorg
Temple:   pf_slime_end_temple

Skill      XL: |  1  2  3  4  5  6  7  8  9 10 |
---------------+-------------------------------+-----
Maces & Flails | 2 3 4 5 7 9 10 | 10.0
Dodging        | 3 4 5 6 7 |  7.4
Fighting       | 5 6 7 8 10 11 | 11.2
Shields        | |  3.0

Action                     |  1- 3 |  4- 6 |  7- 9 | 10-12 || total
---------------------------+-------+-------+-------+-------++-------
  Melee: Flail             |    88 |    26 |       |       ||   114
         Morningstar       |       |    81 |   130 |   174 ||   385
         Giant spiked club |       |       |   169 |       ||   169
  Throw: Boomerang         |    24 |    31 |    26 |       ||    81
         Dart              |       |       |     6 |       ||     6
    Use: Potion            |       |     2 |     4 |     3 ||     9
         Scroll            |       |     2 |     5 |     2 ||     9
 Armour: Robe              |    19 |    59 |    53 |    47 ||   178
  Dodge: Dodged            |    37 |    62 |   139 |    67 ||   305
  Block: Kite shield       |    28 |    59 |    75 |   158 ||   320
         Other             |       |       |    45 |       ||    45
         Reflection        |       |       |     3 |    14 ||    17

Table legend: (Time is in decaauts)
 A = Elapsed time spent in this place.
 B = Non-inter-level travel time spent in this place.
 C = Inter-level travel time spent in this place.
 D = Time resting spent in this place.
 E = Time spent auto-exploring this place.
 F = Levels seen in this place.
 G = Mean time per level.
                   A        B        C        D        E       F      G
               +--------+--------+--------+--------+--------+-----+--------+
         Total |  11782 |  10861 |    921 |   4013 |   4275 |  11 | 1071.1 |
       Dungeon |  11619 |  10733 |    886 |   4013 |   4156 |  10 | 1161.9 |
        Temple |    162 |    127 |     35 |      0 |    119 |   1 |  162.0 |
               +--------+--------+--------+--------+--------+-----+--------+

Top non-repeatable levels by time:
     D:8: 2099 daAuts
     D:3: 1720 daAuts
     D:7: 1523 daAuts
     D:6: 1465 daAuts
     D:9: 1372 daAuts
     D:4: 1197 daAuts
     D:5: 943 daAuts
     D:1: 792 daAuts
     D:2: 479 daAuts
  Temple: 162 daAuts
    D:10: 26 daAuts
